 Dungeon Crawl Stone Soup version 0.17.2-1-ge4368a0 (webtiles) character file.

78 Goblin1989 the Covert (level 4, -1/33 HPs)
             Began as a Vampire Assassin on Dec 19, 2016.
             Slain by an orc
             ... wielding a +1 flail of crushing
              (4 damage)
             ... on level 3 of the Dungeon.
             The game lasted 00:04:30 (1612 turns).

Goblin1989 the Covert (Vampire Assassin)            Turns: 1612, Time: 00:04:30

Health: -1/33      AC:  4    Str: 10    XL:     4   Next: 15%
Magic:  4/4        EV: 12    Int: 13    God:
Gold:   122        SH:  0    Dex: 16    Spells: 0 memorised, 3 levels left

rFire  . . .     SeeInvis +     a - +2 dagger
rCold  + . .     Clarity  .     c - +0 robe
rNeg   + + .     SustAt   .     (no shield)
rPois  +         Gourm    .     (no helmet)
rElec  .         Spirit   .     d - +0 cloak
rCorr  .         Warding  .     n - +0 pair of gloves
rMut   .         Stasis   .     (no boots)
MR     .....                    (no amulet)
Stlth  +++++.....               (no ring)
                                (no ring)

@: regenerating slowly, not resistant to hostile enchantments, quite stealthy
A: fangs 3, see invisible, unbreathing
a: Bat Form


You were on level 3 of the Dungeon.
You were very thirsty.

You visited 1 branch of the dungeon, and saw 3 of its levels.

You collected 122 gold pieces.

Inventory:

Hand Weapons
 a - a +2 dagger (weapon)
 w - a +0 blowgun {@w1}
Missiles
 e - 18 poisoned needles
 f - 2 curare-tipped needles
Armour
 c - a +0 robe (worn)
 d - a +0 cloak (worn)
 n - a +0 pair of gloves (worn)
Wands
 l - a wand of cold (11)
Scrolls
 g - a scroll of remove curse {@r2}
 j - a scroll of identify {unknown}
Potions
 b - 2 potions of curing {unknown}
 h - a potion of magic {unknown}
 i - a potion of flight {unknown}
 k - a potion of might {unknown}
 m - a potion of ambrosia {unknown}
 q - a potion of blood


   Skills:
 - Level 1.7 Fighting
 * Level 2.2 Short Blades
 - Level 1.5 Throwing
 - Level 1.1 Dodging
 + Level 8.6 Stealth


You had 3 spell levels left.
You didn't know any spells.

Dungeon Overview and Level Annotations

Branches:
Dungeon (3/15)

Altars:
Okawaru
Ru
Sif Muna
Vehumet


Innate Abilities, Weirdness & Mutations

You heal slowly.
You have razor-sharp teeth.
You have supernaturally acute eyesight.
You can survive without breathing.


Message History

You are too injured to fight recklessly!
You are too injured to fight recklessly!
You are too injured to fight recklessly!
You are too injured to fight recklessly!
You are too injured to fight recklessly!
You are too injured to fight recklessly!
You are too injured to fight recklessly!
You are too injured to fight recklessly!
You are too injured to fight recklessly!
You are too injured to fight recklessly!
Unknown command.
You closely miss the orc. You hit the orc.
The orc is heavily wounded.
The orc barely misses you.
You hit the orc but do no damage.
The orc is heavily wounded.
The orc hits you with a flail of crushing!
* * * LOW HITPOINT WARNING * * *
You die...

█..█ █.█ █ ████...
█.█ . █......
█.██.███████.██...
█................█
█..█ ███....██.█
█..█ █.█..██.█
█o.█ ██.██....█
█@.██████...██████
█.....██.....██ █
█.███.█.......█ █
█$█ █..%..⌂.....██
█.█ █.█.......█...
█†███.██.....█████
█......██...██ █
█████..███.██ ██
█..█ .█ █.


You could see an orc.

Vanquished Creatures
  3 gnolls (D:2)
  An adder (D:2)
  2 giant geckos (D:3)
  2 bats (D:1)
  6 goblins (D:1)
  2 hobgoblins (D:1)
  9 kobolds
  A ball python (D:1)
  7 giant cockroaches
  A giant newt (D:1)
  6 rats
40 creatures vanquished.

Notes
Turn   | Place    | Note
--------------------------------------------------------------
     0 | D:1      | Goblin1989 the Vampire Assassin began the quest for the Orb.
     0 | D:1      | Reached XP level 1. HP: 16/16 MP: 1/1
    77 | D:1      | Reached skill level 6 in Stealth
   211 | D:1      | Reached XP level 2. HP: 22/22 MP: 2/2
   436 | D:1      | Reached skill level 7 in Stealth
  1013 | D:2      | Reached XP level 3. HP: 27/27 MP: 3/3
  1070 | D:2      | Found an iron altar of Okawaru.
  1082 | D:2      | Reached skill level 8 in Stealth
  1182 | D:2      | Reached XP level 4. HP: 23/33 MP: 4/4
  1210 | D:2      | Found a sacrificial altar of Ru.
  1481 | D:3      | Found a deep blue altar of Sif Muna.
  1524 | D:3      | Found a faded altar to an unknown god.
  1589 | D:3      | Found a radiant altar of Vehumet.
  1612 | D:3      | Slain by an orc

Action                   |  1- 3 |  4- 6 || total
-------------------------+-------+-------++-------
Melee: Dagger            |    76 |    12 ||    88
  Use: Scroll            |     5 |       ||     5
 Stab: Sleeping          |    20 |     4 ||    24

Vault maps used:
D:1:      nagdon_arrival_double_spiral
D:2:      nicolae_overflow_crystal_walls, okawaru_ov_weapons_minmay
D:3:      lemuel_doored_altar, lemuel_round_altar, ecumenical_altar_1
